 Dungeon Crawl Stone Soup version 0.31-a0-656-gb4d89c20fa (webtiles) character file.

Game seed: 15342248297807546242

1767 Shayle the Mimic (level 9, -4/76 HPs)
             Began as an Ogre Shapeshifter on Aug 30, 2023.
             Was an Initiate of Kikubaaqudgha.
             Slain by an unseen horror (9 damage)
             ... on level 6 of the Dungeon.
             The game lasted 00:18:07 (6951 turns).

Shayle the Mimic (Ogre Shapeshifter)                Turns: 6951, Time: 00:18:07

Health: -4/76      AC:  3    Str: 20    XL:     9   Next: 7%
Magic:  9/9        EV:  9    Int: 15    God:    Kikubaaqudgha [......]
Gold:   296        SH:  0    Dex:  8    Spells: 8/8 levels left

rFire   . . .        D - +2 hand axe (flame)
rCold   . . .        (no shield)
rNeg    . . .        a - +0 animal skin
rPois   .            (helmet currently unavailable)
rElec   .            (cloak currently unavailable)
rCorr   .            (gloves unavailable)
SInv    .            (boots unavailable)
Will    .....        (no amulet)
Stlth   ++           (no ring)
HPRegen 0.32/turn    (no ring)
MPRegen 0.11/turn

%: no passive effects
@: beast-form
A: beast (slay +4), large, unfitting armour, tough skin 1, horns 1, camouflage 1
a: Begin Untransformation, Renounce Religion


You were on level 6 of the Dungeon.
You worshipped Kikubaaqudgha.
Kikubaaqudgha was noncommittal.
You were a hulking beast.
You visited 2 branches of the dungeon, and saw 7 of its levels.

You collected 381 gold pieces.
You spent 85 gold pieces at shops.

Inventory:

Hand Weapons
 g - a +1 dagger of venom
 A - a +0 giant spiked club
 D - a +2 hand axe of flaming (weapon)
Armour
 a - a +0 animal skin (worn)
Jewellery
 o - an amulet of the acrobat
 t - a ring of ice
 u - a ring of ice
 y - a +6 ring of dexterity
Talismans
 c - a beast talisman (active)
 d - a flux talisman
Wands
 b - a wand of flame (50)
Scrolls
 e - a scroll of fear
 j - a scroll of immolation {unknown}
 m - a scroll of blinking {unknown}
 n - 2 scrolls of noise {unknown}
 q - a scroll of brand weapon {unknown}
 r - a scroll of teleportation {unknown}
 s - a scroll of poison {unknown}
 v - 2 scrolls of enchant weapon {unknown}
 x - 2 scrolls of torment {unknown}
Potions
 f - 4 potions of mutation
 h - 2 potions of degeneration
 i - a potion of ambrosia
 k - a potion of attraction
 l - 2 potions of enlightenment
 p - a potion of might {unknown}
 w - a potion of curing
 B - a potion of invisibility
 C - 2 potions of resistance {unknown}


   Skills:
 - Level 1.3 Fighting
 - Level 1.7 Dodging
 + Level 7.9 Unarmed Combat
 + Level 8.0 Shapeshifting


You had 8 spell levels left.
You didn't know any spells.
Your spell library contained the following spells:

 Spells                   Type           Power      Damage    Failure   Level
 Shock                    Conj/Air       0%         1d3       26%         1
 Scorch                   Fire           0%         2d5       38%         2
 Swiftness                Air            0%         N/A       63%         3
 Airstrike                Air            0%         2d(0-16)  95%         4
 Flame Wave               Conj/Fire      0%         2d4       95%         4
 Summon Cactus Giant      Summ           0%         N/A       100%        6


Dungeon Overview and Level Annotations

Branches:
Dungeon (6/15)             Temple (1/1) D:6

Altars:
Gozag
Hepliaklqana
Kikubaaqudgha
Nemelex Xobeh
Ru
Sif Muna
Vehumet
Wu Jian
Xom
Yredelemnul

Shops:
D:2 *


Innate Abilities, Weirdness & Mutations

You are a hulking beast.
Your limbs bulge with bestial killing power. (Slay +4)
You are too large for most types of armour.
You have tough skin. (AC +1)
You have a pair of small horns on your head.
Your skin changes colour to match your surroundings (Stealth+).


Message History

Unknown command.
You hit the scorpion but do no damage.
The scorpion is heavily wounded.
You feel sick. The scorpion stings you.
You are more poisoned.
The scorpion poisons you! The scorpion stings you.
You are more poisoned.
The scorpion poisons you!
You slash the scorpion! You burn the scorpion.
You kill the scorpion!
Kikubaaqudgha accepts your kill.
You feel extremely sick. Something hits you.
Your Shapeshifting skill increases to level 8!
You feel better. Something hits you. x2
You slash something! You burn something. Your headbutt misses something.
Something hits you!
You closely miss something. Something hits you!
* * * LOW HITPOINT WARNING * * *
Something hits you.
* * * LOW HITPOINT WARNING * * *
You see here a scorpion corpse.
There is an open door, spattered with blood here.
You slash something! You burn something. Something hits you but does no damage.
Something hits you.
* * * LOW HITPOINT WARNING * * *
Something is blocking the doorway!
Something hits you but does no damage.
You feel better. Something hits you!
* * * LOW HITPOINT WARNING * * *
You miss something. Your headbutt misses something.
Your punch misses something. Something hits you.
* * * LOW HITPOINT WARNING * * *
You close the door.
Something hits you.
* * * LOW HITPOINT WARNING * * *
You start resting.
Something hits you.
* * * LOW HITPOINT WARNING * * *
You hit something. You burn something. Your headbutt misses something.
Something hits you!
You die...
Kikubaaqudgha rasps: "You have failed me!
Welcome... death!"

.##...##......####...#
.#...####......##...##.#
##...#..##......#...#..
#...##...##........##.#
#...#..#..##.......#..##
...##.##...##.....##..)
...#..#..#..##....#..##
..##.##.##...##.{##...#
..'..#[.#[.#).##h+†.#
.#################### .#
##


There were no monsters in sight!

Vanquished Creatures
  2 water moccasins (D:6)
  An ice beast (D:6)
  A black bear (D:6)
  3 ogres (D:5)
  A phantom (D:6)
  A bullfrog (D:5)
  4 scorpions
  4 jellies
  2 orc priests (D:3)
  4 hounds (D:4)
  Jessica (D:2)
  4 iguanas
  Natasha (thrice) (D:2)
  A sleepcap (D:6)
  2 orc wizards
  5 adders
  A white imp (D:5)
  An ufetubus (D:6)
  2 worms (D:3)
  4 dart slugs
  17 orcs
  6 bats
  9 endoplasms
  4 giant cockroaches
  7 goblins
  11 hobgoblins
  A jackal (D:2)
  4 quokkas
  5 ball pythons
  5 frilled lizards
  8 kobolds
  5 rats
129 creatures vanquished.

Notes
Turn   | Place    | Note
-------+----------+-------------------------------------------
     0 | D:1      | Shayle the Ogre Shapeshifter began the quest for the Orb.
     0 | D:1      | Reached XP level 1. HP: 19/19 MP: 1/1
   101 | D:1      | Reached XP level 2. HP: 20/27 MP: 2/2
   223 | D:1      | Found a faded altar of an unknown god.
   351 | D:1      | Reached XP level 3. HP: 32/33 MP: 3/3
   914 | D:2      | Noticed Jessica
   919 | D:2      | Killed Jessica
   920 | D:2      | Reached XP level 4. HP: 12/41 MP: 4/4
  1133 | D:2      | Noticed Natasha
  1146 | D:2      | Gained mutation: Your skin changes colour to match your
                  | surroundings (Stealth+). [potion of mutation]
  1146 | D:2      | Gained mutation: You have a pair of small horns on your
                  | head. [potion of mutation]
  1146 | D:2      | HP: 1/41 [Natasha (8)]
  1147 | D:2      | Killed Natasha
  1148 | D:2      | Reached skill level 4 in Shapeshifting
  1445 | D:2      | Reached XP level 5. HP: 48/48 MP: 5/5
  1669 | D:2      | Found a radiant altar of Vehumet.
  1819 | D:2      | Noticed Natasha
  1824 | D:2      | Killed Natasha
  1983 | D:2      | Found Ceas's Assorted Antiques.
  1988 | D:2      | Bought 2 scrolls labelled UBE HIM QIDOI for 44 gold pieces
  1988 | D:2      | Bought a scroll labelled UBE HIM QIDOI for 22 gold pieces
  1988 | D:2      | Bought a fizzy pink potion for 19 gold pieces
  2062 | D:2      | Noticed Natasha
  2098 | D:2      | Killed Natasha
  2340 | D:3      | Reached XP level 6. HP: 23/55 MP: 6/6
  2588 | D:3      | Reached skill level 5 in Shapeshifting
  3340 | D:4      | Reached skill level 5 in Unarmed Combat
  3410 | D:4      | Reached XP level 7. HP: 35/62 MP: 7/7
  3682 | D:4      | Found an ornate altar of the Wu Jian Council.
  4001 | D:5      | Entered Level 5 of the Dungeon
  4139 | D:5      | Reached skill level 6 in Shapeshifting
  4392 | D:5      | Found a sacrificial altar of Ru.
  4640 | D:5      | Reached XP level 8. HP: 55/70 MP: 8/8
  5158 | D:5      | Found a shimmering blue altar of Sif Muna.
  5368 | D:6      | Noticed a yak
  5369 | D:6      | Noticed a yak
  5370 | D:6      | Noticed a yak
  5605 | D:6      | Found a staircase to the Ecumenical Temple.
  5614 | Temple   | Entered the Ecumenical Temple
  5630 | Temple   | Became a worshipper of Kikubaaqudgha
  5650 | D:6      | Noticed a yak
  5793 | D:6      | Reached skill level 7 in Shapeshifting
  6928 | D:6      | Reached XP level 9. HP: 61/76 MP: 9/9
  6939 | D:6      | Reached skill level 8 in Shapeshifting
  6951 | D:6      | Slain by an unseen horror

Illustrated notes

Levels and vault maps discovered:
D:1:      minmay_arrival_open_corners, layout_basic,
          chequers_ecumenical_altar_simple, serial_glass, glass_columns_c,
          glass_columns_a, glass_columns_b, glass_columns_c, glass_columns_a,
          glass_columns_c, due_unseen_surprise, grunt_decor_resistance,
          minmay_heptomino_o4
D:2:      minmay_recursive_quarters, layout_loops_ring, basic_altar,
          serial_shops, nicolae_shop_pleasant_corner_grove, uniq_natasha,
          uniq_jessica
D:3:      layout_loops_ring
D:4:      layout_cave_pools, nicolae_wu_jian_immortal_techniques
D:5:      layout_gridville, kennysheep_little_box, kennysheep_mini_moat
D:6:      minmay_razor_zed, layout_basic, minmay_temple_entry_trees,
          minmay_stone_trees_small
Temple:   nicolae_temple_superstar

Skill      XL: |  1  2  3  4  5  6  7  8  9 |
---------------+----------------------------+-----
Unarmed Combat | 3 4 5 6 7 |  7.9
Shapeshifting  | 4 5 6 7 8 |  8.0
Fighting       | |  1.3
Dodging        | |  1.7

Action                     |  1- 3 |  4- 6 |  7- 9 || total
---------------------------+-------+-------+-------++-------
  Melee: Unarmed           |    73 |   149 |    80 ||   302
         Headbutt          |       |    24 |    27 ||    51
         Punch             |       |     3 |     7 ||    10
         Hand axe          |       |       |    81 ||    81
  Evoke: Wand              |       |     1 |       ||     1
    Use: Potion            |     1 |     2 |     6 ||     9
         Scroll            |       |       |     7 ||     7
   Stab: Sleeping          |     1 |     7 |     2 ||    10
         Distracted        |       |     1 |       ||     1
 Armour: Animal skin       |    20 |    42 |    27 ||    89
         Skin              |     1 |    13 |    12 ||    26
  Dodge: Dodged            |    25 |    59 |    64 ||   148

Table legend: (Time is in decaauts)
 A = Elapsed time spent in this place.
 B = Non-inter-level travel time spent in this place.
 C = Inter-level travel time spent in this place.
 D = Time resting spent in this place.
 E = Time spent auto-exploring this place.
 F = Levels seen in this place.
 G = Mean time per level.
                   A        B        C        D        E       F      G
               +--------+--------+--------+--------+--------+-----+--------+
         Total |   6970 |   6671 |    299 |   1301 |   3943 |   7 |  995.7 |
       Dungeon |   6937 |   6668 |    269 |   1301 |   3943 |   6 | 1156.2 |
        Temple |     32 |      2 |     30 |      0 |      0 |   1 |   32.0 |
               +--------+--------+--------+--------+--------+-----+--------+

Top non-repeatable levels by time:
     D:5: 1494 daAuts
     D:6: 1442 daAuts
     D:3: 1164 daAuts
     D:2: 1154 daAuts
     D:1: 1030 daAuts
     D:4: 651 daAuts
  Temple: 32 daAuts
